 Dungeon Crawl Stone Soup version 0.30.1-4-g462c640d31 (webtiles) character file.

Game seed: 17367443178066901610

66320 Kurtz the Severer (level 15, -1/99 HPs)
             Began as a Tengu Fighter on Sept 15, 2023.
             Was an Initiate of Gozag.
             Slain by a boulder beetle (100 damage)
             ... on level 5 of the Lair of Beasts.
             The game lasted 01:10:21 (23858 turns).

Kurtz the Severer (Tengu Fighter)                  Turns: 23858, Time: 01:10:22

Health: -1/99      AC: 28    Str: 26    XL:     15   Next: 19%
Magic:  0/16       EV:  2    Int:  8    God:    Gozag
Gold:   4345       SH:  0    Dex: 17    Spells: 14/14 levels left

rFire   + . .        D - +1 broad axe (elec)
rCold   + . .        c - +0 buckler
rNeg    . . .        B - +3 plate armour {rC+}
rPois   .            O - +1 hat
rElec   +            Q - +0 cloak
rCorr   .            A - +2 pair of gloves
SInv    .            (boots unavailable)
Will    +....        S - amulet "Lyfacy" {Spirit rElec rF+} Stlth
                     z - ring "Pijol" {AC+4 Str+3 Dex+2 Slay+3}
HPRegen 0.36/turn    R - +5 ring of evasion
MPRegen 0.15/turn

%: guardian spirit
@: sleeping, marked, gold aura, flying quickly and evasively, quick
A: beak, talons 3, nimble flight
a: Renounce Religion, Potion Petition, Call Merchant, Bribe Branch


You were on level 5 of the Lair of Beasts.
You worshipped Gozag.
Gozag was most pleased with you.
You visited 3 branches of the dungeon, and saw 19 of its levels.
You also visited: Ice Cave.

You collected 5619 gold pieces.
You spent 1171 gold pieces at shops.
You paid 103 gold pieces to Gozag.

Inventory:

Hand Weapons
 D - a +1 broad axe of electrocution (weapon)
 F - a +0 hand axe of flaming
Missiles
 N - 2 silver javelins
 W - 3 datura-tipped darts
 X - 14 poisoned darts
 Y - a curare-tipped dart (quivered)
Armour
 c - a +0 buckler (worn)
 A - a +2 pair of gloves (worn)
 B - a +3 plate armour of cold resistance (worn)
 O - a +1 hat (worn)
 P - a +2 plate armour of fire resistance
 Q - a +0 cloak (worn)
Jewellery
 j - a +6 ring of strength
 p - a ring of resist corrosion
 q - a ring of willpower
 z - the ring "Pijol" (left hand) {AC+4 Str+3 Dex+2 Slay+3}
   (You bought it in a shop on level 3 of the Dungeon)

   [ring of protection]

   AC:        It affects your AC (+4).
   Str:       It affects your strength (+3).
   Dex:       It affects your dexterity (+2).
   Slay:      It affects your accuracy & damage with ranged weapons and melee
   (+3).
 G - a +6 ring of intelligence
 R - a +5 ring of evasion (right hand)
 S - the amulet "Lyfacy" (around neck) {Spirit rElec rF+}
   (You bought it in a shop on level 3 of the Dungeon)

   [amulet of guardian spirit]

   It causes incoming damage to be divided between your reserves of health and
   magic.
   rF:        It protects you from fire.
   rElec:     It insulates you from electricity.
 T - a +6 ring of dexterity
Wands
 h - a wand of paralysis (3)
 v - a wand of mindburst (20)
 H - a wand of iceblast (2)
 J - a wand of light (17)
 K - a wand of flame (32)
Scrolls
 e - 7 scrolls of amnesia {unknown}
 g - 3 scrolls of magic mapping
 i - 3 scrolls of immolation
 l - a scroll of brand weapon
 m - 4 scrolls of enchant armour {unknown}
 o - 4 scrolls of fear
 t - 9 scrolls of teleportation {unknown}
 C - 2 scrolls of torment
 E - 2 scrolls of noise {unknown}
 U - a scroll of fog
 V - a scroll of summoning
 Z - a scroll of enchant weapon {unknown}
Potions
 b - a potion of magic
 d - 3 potions of might
 f - 3 potions of cancellation
 k - 11 potions of curing
 n - a potion of berserk rage
 r - 4 potions of haste
 u - 5 potions of mutation {unknown}
 w - 2 potions of brilliance
 x - 5 potions of heal wounds
 I - a potion of invisibility
 M - a potion of resistance
Miscellaneous
 a - a piece from Xom's chessboard (15/15)
 s - a box of beasts (inert)


   Skills:
 * Level 13.4 Fighting
 + Level 17.6 Axes
 + Level 11.1 Armour
 * Level 7.8 Dodging
 + Level 7.1 Stealth
 * Level 10.5 Shields


You had 14 spell levels left.
You didn't know any spells.
Your spell library contained the following spells:

 Spells                   Type           Power      Damage    Failure   Level
 Beastly Appendage        Tmut           0%         N/A       99%         1
 Ensorcelled Hibernation  Hex/Ice        0%         N/A       100%        2
 Wereblood                Tmut           0%         N/A       100%        2
 Frozen Ramparts          Ice            0%         1d1       100%        3
 Hailstorm                Conj/Ice       0%         3d3       100%        3
 Inner Flame              Hex/Fire       0%         N/A       100%        3
 Spider Form              Tmut/Pois      0%         N/A       100%        3
 Vhi's Electric Charge    Tloc/Air       0%         N/A       100%        3
 Anguish                  Hex/Necr       0%         N/A       100%        4
 Flame Wave               Conj/Fire      0%         2d4       100%        4
 Ice Form                 Ice/Tmut       0%         N/A       100%        4
 Petrify                  Tmut/Erth      0%         N/A       100%        4
 Sticky Flame             Conj/Fire      0%         2d3       100%        4
 Summon Ice Beast         Ice/Summ       0%         N/A       100%        4
 Arcjolt                  Conj/Air       0%         1d10      100%        5
 Metabolic Englaciation   Hex/Ice        0%         N/A       100%        5
 Summon Forest            Summ/Tloc      0%         N/A       100%        5
 Eringya's Noxious Bog    Tmut/Pois      0%         N/A       100%        6
 Statue Form              Tmut/Erth      0%         N/A       100%        6
 Haunt                    Necr/Summ      0%         N/A       100%        7
 Ozocubu's Refrigeration  Ice            0%         4d7       100%        7
 Summon Hydra             Summ           0%         N/A       100%        7
 Infestation              Necr           0%         N/A       100%        8
 Maxwell's Capacitive Co  Air            0%         ∞         100%        8
 Polar Vortex             Ice            0%         N/A       100%        9
 Animate Dead             Necr           Unusable   N/A       N/A         4
 Simulacrum               Ice/Necr       Unusable   N/A       N/A         6

Dungeon Overview and Level Annotations

Branches:
Dungeon (13/15)            Temple (1/1) D:6            Lair (5/5) D:10
 Shoals (0/4) Lair:3       Spider (0/4) Lair:3        Slime (0/5) Lair:4
    Orc (0/2) D:9           IceCv (visited)
 Vaults: D:13-14

Altars:
Ashenzari
Cheibriados
Dithmenos
Elyvilon
Fedhas
Gozag
Hepliaklqana
Kikubaaqudgha
Makhleb
Nemelex Xobeh
Okawaru
Qazlal
Ru
Sif Muna
Trog
Uskayaw
Vehumet
Wu Jian
Xom
Yredelemnul
Zin
The Shining One

Shops:
D:3 ([=:*   D:8 [   D:11 :

Annotations:
D:8 exclusion: downstairs
Lair:3 exclusion: 4 oklob plants


Innate Abilities, Weirdness & Mutations

You have a beak for a mouth.
You have claws for feet.
Your magical nature lets you fly swiftly and evasively.


Message History

You slash the cane toad! You claw the cane toad.
The cane toad is almost dead.
The cane toad completely misses you.
You hit the cane toad.
You kill the cane toad!
You now have 4345 gold pieces (gained 7).
A dream sheep comes into view.
A boulder beetle comes into view.
A dream sheep comes into view.
The boulder beetle leaps!
A dream sheep comes into view.
The dream sheep bleats!
The boulder beetle curls into a ball and begins rolling!
A dream sheep comes into view.
A dream sheep comes into view.
Found a wand of flame (14).
A sourceless malevolence fills the Lair of Beasts...
With a horrendous wail, an alarm goes off!
A sentinel's mark forms upon you.
The dream sheep bleats!
You hear a roar! x3; You hear a loud, deep croak!
You hear a deafening roar!
You hear a trumpeting!
You hear a loud, deep croak! x2
You hear a bellow!
You hear a deafening roar!
You hear an angry hiss.
You hear a trumpeting!
You hear a bellow!
You hear a deafening roar!
You hear a croak.
You hear a trumpeting!
You hear a bellow! x2
You hear a croak.
You hear a bellow! x2; You hear a trumpeting!
You hear a bellow! x3; You hear a trumpeting!
You hear a bellow! x4
You hear an angry hiss.
You hear a bellow! x2; You hear a trumpeting!
You hear a bellow!
You hear an angry hiss.
You hear a loud, deep croak!
The dream sheep barely misses you.
The dream sheep are wreathed in dream dust.
You feel drowsy...
You fall asleep.
The dream sheep is distracted by your dazzling golden aura.
A komodo dragon comes into view.
The dream sheep completely misses you.
The dream sheep bites you but does no damage.
The komodo dragon is distracted by your dazzling golden aura.
The boulder beetle hits you!!!!
Ouch! That really hurt!
You die...
Your body crumbles into a pile of gold.

.......#........#
....#.#........##
....##...P.....#
....##.........###
..#.....♣...♣...P#
..###..♣.P..P♣..####
..# ##...♣°♣.......#
..# #....<°.......#.P#
... #...♣.♣°°○B@....#
.......♣PP...♣..YY..##
........♣...♣...Y...#
..................# .
......#......Y..#
.....####..........
..# ...l..Y...##
.#....../...


You could see a boulder beetle (rolling), a komodo dragon (unaware) and 5 dream
sheep.

Vanquished Creatures
  Rupert (Lair:4)
  A frost giant (IceCv)
  4 hydras
  3 centaur warriors
  A boulder beetle (D:11)
  2 ogre magi (D:11)
  Erica (Lair:2)
  A catoblepas (Lair:2)
  8 two-headed ogres
  7 death yaks (IceCv)
  Amaemon (D:8)
  4 skeletal warriors
  Pikel (D:7)
  A deep elf pyromancer (D:9)
  An ugly thing (D:9)
  An oklob plant (Lair:5)
  An orc knight (D:12)
  4 cyclopes
  4 manticores
  Maurice (D:8)
  12 elephants
  An ice statue (IceCv)
  A black mamba (Lair:4)
  2 gargoyles (D:12)
  9 cane toads
  An orange demon (D:8)
  A freezing wraith (D:11)
  4 komodo dragons
  9 rime drakes
  2 kobold demonologists
  2 ice devils (Lair:2)
  A queen bee (Lair:3)
  A hornet (D:8)
  6 polar bears
  Prince Ribbit (D:7)
  6 trolls
  9 blink frogs
  14 dream sheep
  A snapping turtle (Lair:3)
  A shadow (D:9)
  Sigmund (D:6)
  A wraith (D:8)
  6 wyverns
  52 yaks
  4 basilisks
  2 steam dragons
  4 vampire mosquitoes
  5 acid dragons
  10 water moccasins
  4 orc warriors
  A sky beast (D:8)
  3 black bears
  2 ice beasts
  16 wolves
  A boggart (D:9)
  7 centaurs
  2 ogres
  A lemure (D:7)
  3 phantoms
  5 kobold brigands
  7 bullfrogs
  A gnoll sergeant (D:9)
  3 scorpions
  7 wights (D:9)
  3 necrophages (D:7)
  42 killer bees
  6 howler monkeys
  4 electric eels
  A centaur zombie (D:7)
  12 orc priests
  6 hounds
  Crazy Yiuf (D:5)
  A gnoll bouda (D:6)
  5 sleepcaps
  3 iguanas
  13 orc wizards
  A hell rat (Lair:3)
  A killer bee zombie (D:7)
  2 howler monkey zombies (D:7)
  8 adders
  13 gnolls
  2 river rats (Lair:3)
  3 shadow imps
  3 white imps
  2 ufetubi (D:5)
  A worm (D:4)
  4 dart slugs
  39 orcs
  9 endoplasms
  A giant cockroach (D:3)
  6 goblins
  2 hobgoblins
  4 jackals (D:2)
  3 quokkas
  6 ball pythons
  4 bats
  3 frilled lizards
  20 kobolds
  4 rats
518 creatures vanquished.

Vanquished Creatures (others)
  A yak (Lair:1)
  An orc wizard (D:11)
2 creatures vanquished.

Grand Total: 520 creatures vanquished

Notes
Turn   | Place    | Note
-------+----------+-------------------------------------------
     0 | D:1      | Kurtz the Tengu Fighter began the quest for the Orb.
     0 | D:1      | Reached XP level 1. HP: 14/14 MP: 2/2
   167 | D:1      | Reached XP level 2. HP: 18/19 MP: 3/3
  1195 | D:2      | Reached XP level 3. HP: 20/23 MP: 4/4
  1558 | D:3      | Found Abrip's Antique Weapon Boutique.
  1565 | D:3      | Found Nygimid's Antique Armour Boutique.
  1663 | D:3      | Found Boass's Jewellery Shop.
  1687 | D:3      | Found a faded altar of an unknown god.
  1823 | D:3      | Found Ujuum's Assorted Antiques.
  1862 | D:3      | Reached skill level 3 in Axes
  1883 | D:3      | Found Paotatuq's Book Shoppe.
  1924 | D:3      | Reached XP level 4. HP: 23/28 MP: 5/5
  2442 | D:4      | Gained mutation: Your magical nature lets you fly swiftly
                  | and evasively. [Tengu growth]
  2442 | D:4      | Reached XP level 5. HP: 18/32 MP: 6/6
  2574 | D:4      | Noticed an ogre
  2683 | D:4      | Noticed a water moccasin
  2836 | D:5      | Entered Level 5 of the Dungeon
  2857 | D:4      | Reached skill level 4 in Axes
  2907 | D:3      | Killed a water moccasin
  2908 | D:3      | Reached skill level 5 in Axes
  2908 | D:3      | Reached XP level 6. HP: 17/37 MP: 7/7
  3367 | D:4      | Reached skill level 6 in Axes
  3544 | D:5      | Noticed a black bear
  3545 | D:5      | Found the +10 dark maul {heavy}
  3571 | D:4      | Killed a black bear
  3572 | D:4      | Reached XP level 7. HP: 19/41 MP: 8/8
  3744 | D:5      | Found a runed translucent door.
  3745 | D:5      | Noticed Crazy Yiuf
  4183 | D:5      | Reached skill level 7 in Axes
  5161 | D:5      | Reached skill level 5 in Armour
  5170 | D:5      | Reached XP level 8. HP: 42/46 MP: 9/9
  5182 | D:5      | Reached skill level 8 in Axes
  5839 | D:6      | Reached skill level 9 in Axes
  5839 | D:6      | Reached skill level 5 in Shields
  6119 | D:6      | Found a staircase to the Ecumenical Temple.
  6130 | Temple   | Entered the Ecumenical Temple
  6313 | Temple   | Became a worshipper of Gozag Ym Sagoz the Greedy
  6477 | D:6      | Noticed Sigmund
  6500 | D:7      | Reached skill level 10 in Axes
  6500 | D:7      | Reached XP level 9. HP: 33/51 MP: 10/10
  6751 | D:7      | You are sucked into a shaft and drop 2 floors!
  6800 | D:9      | Noticed a two-headed ogre
  6809 | D:9      | Killed a two-headed ogre
  6810 | D:9      | Reached skill level 11 in Axes
  6825 | D:9      | Noticed a two-headed ogre
  6836 | D:9      | Killed a two-headed ogre
  6837 | D:9      | Reached skill level 12 in Axes
  7031 | D:8      | Noticed a two-headed ogre
  7039 | D:8      | Killed a two-headed ogre
  7040 | D:8      | Reached XP level 10. HP: 56/56 MP: 11/11
  7046 | D:8      | Noticed Maurice
  7090 | D:7      | Reached skill level 13 in Axes
  7134 | D:7      | Found a blossoming altar of Fedhas.
  7292 | D:7      | Found a broken altar of Ashenzari.
  7310 | D:7      | Noticed Prince Ribbit
  7317 | D:7      | Killed Prince Ribbit
  7354 | D:7      | Found a burning altar of Makhleb.
  7556 | D:7      | Noticed Pikel
  7607 | D:7      | Killed Pikel
  8052 | D:6      | Killed Sigmund
  8489 | D:6      | Found a bloodstained altar of Trog.
  8493 | D:6      | Reached skill level 14 in Axes
  8493 | D:6      | Found a basalt altar of Yredelemnul.
  8493 | D:6      | Found a hide-covered altar of Uskayaw.
  8507 | D:6      | Found a radiant altar of Vehumet.
  8510 | D:6      | Found a sacrificial altar of Ru.
  8744 | D:5      | Killed Crazy Yiuf
  9064 | D:8      | Killed Maurice
  9097 | D:8      | Noticed Amaemon
  9107 | D:8      | Noticed an orange demon
  9908 | D:3      | Bought the amulet "Lyfacy" {Spirit rElec rF+} for 510 gold
                  | pieces
  9994 | D:8      | Reached XP level 11. HP: 61/61 MP: 12/12
 10127 | D:8      | Killed Amaemon
 10445 | D:8      | Found Guoteytiex's Armour Emporium.
 10966 | D:9      | Found a staircase to the Orcish Mines.
 11050 | D:9      | Noticed a centaur warrior
 11057 | D:9      | Killed a centaur warrior
 11058 | D:9      | Reached skill level 5 in Fighting
 11078 | D:9      | Noticed a two-headed ogre
 11168 | D:9      | Noticed a deep elf pyromancer
 11650 | D:9      | Killed a deep elf pyromancer
 11651 | D:9      | Reached skill level 15 in Axes
 11733 | D:9      | Noticed a manticore
 11748 | D:9      | Killed a manticore
 11778 | D:9      | Noticed a manticore
 11798 | D:9      | Killed a manticore
 11822 | D:9      | Noticed a four-headed hydra
 11955 | D:9      | Killed a one-headed hydra
 12023 | D:9      | Noticed a centaur warrior
 12028 | D:9      | Noticed a two-headed ogre
 12035 | D:9      | Killed a centaur warrior
 12355 | D:9      | Killed a two-headed ogre
 12356 | D:9      | Reached XP level 12. HP: 67/71 MP: 13/13
 12606 | D:10     | Entered Level 10 of the Dungeon
 12768 | D:10     | Identified the +11 dagger "Ogreslayer" {spect, *Slow +Blink
                  | rPois Str+6}
 12948 | D:10     | Noticed a two-headed ogre
 12953 | D:10     | Killed a two-headed ogre
 12954 | D:10     | Reached skill level 1 in Dodging
 13038 | D:10     | Found a hazy altar of Hepliaklqana.
 13039 | D:10     | Found a shimmering altar of Xom.
 13040 | D:10     | Noticed a two-headed ogre
 13088 | D:10     | Reached skill level 1 in Stealth
 13410 | D:10     | Found a staircase to the Lair.
 13880 | D:9      | Killed a two-headed ogre
 13888 | D:9      | Reached skill level 16 in Axes
 14169 | D:11     | Found Yfegoubume's Book Shop.
 14243 | D:11     | Noticed a boulder beetle
 14268 | D:11     | Killed a boulder beetle
 14650 | D:3      | Bought the ring "Pijol" {AC+4 Str+3 Dex+2 Slay+3} for 661
                  | gold pieces
 15122 | D:11     | Noticed a two-headed ogre
 15126 | D:11     | Killed a two-headed ogre
 15228 | D:11     | Reached XP level 13. HP: 82/82 MP: 14/14
 15359 | D:11     | Reached skill level 10 in Fighting
 15471 | D:11     | Reached skill level 10 in Armour
 15805 | D:12     | Found an ancient bone altar of Kikubaaqudgha.
 16503 | D:13     | Found a stormy altar of Qazlal.
 16633 | D:13     | Reached skill level 5 in Dodging
 16902 | D:13     | Identified a scroll of acquirement
 16909 | D:13     | Acquired a +1 broad axe of electrocution
 17075 | Lair:1   | Entered Level 1 of the Lair of Beasts
 17475 | Lair:1   | Reached skill level 5 in Stealth
 18450 | Lair:2   | Found a frozen archway.
 18580 | IceCv    | Entered an ice cave
 19018 | IceCv    | Reached XP level 14. HP: 90/91 MP: 15/15
 19135 | IceCv    | Noticed a frost giant
 19163 | IceCv    | Killed a frost giant
 19732 | Lair:2   | Noticed Erica
 20029 | Lair:2   | Killed Erica
 20409 | Lair:2   | Reached skill level 10 in Shields
 20416 | Lair:2   | Reached skill level 17 in Axes
 20506 | Lair:2   | You are sucked into a shaft and drop 2 floors!
 21124 | Lair:3   | Found a hole to the Spider Nest.
 21833 | Lair:3   | Found a staircase to the Shoals.
 21940 | Lair:3   | Reached XP level 15. HP: 98/98 MP: 16/16
 22879 | Lair:4   | Found a staircase to the Slime Pits.
 23094 | Lair:4   | Noticed Rupert
 23148 | Lair:4   | Killed Rupert
 23692 | Lair:5   | Entered Level 5 of the Lair of Beasts
 23858 | Lair:5   | Slain by a boulder beetle

Illustrated notes

Levels and vault maps discovered:
D:1:      dpeg_arrival_boxorama, layout_basic, solitary_fountain
D:2:      layout_loops_ring
D:3:      layout_basic, ebering_ecumenical_altar_webs, serial_shops,
          nicolae_shop_tiny_waterfront, nicolae_shop_stone,
          nicolae_shop_window_shopping, nicolae_shop_stone, shop,
          minmay_checkerbox
D:4:      minmay_angry_zag, layout_rooms
D:5:      kennysheep_windowed_halls, layout_gridville, minmay_bent,
          uniq_crazy_yiuf_cottage
D:6:      layout_basic, minmay_overflow_temple_star_hex,
          minmay_temple_entry_wispy, minmay_misc_feat_columns, glass_columns_a,
          grunt_ministairs_13, uniq_sigmund
D:7:      layout_loops_cross, mainiacjoe_overflow_six_doors_small,
          fedhas_altar_decomposition, mainiacjoe_overflow_surrounded_room,
          uniq_prince_ribbit1, uniq_pikel
D:8:      layout_cave_pools, serial_shops, nicolae_shop_window_shopping,
          uniq_amaemon, uniq_maurice
D:9:      minmay_the_grid_octo_2x2 [minmay_the_grid_octo_empty,
          minmay_the_grid_octo_toaster, minmay_the_grid_octo_thin_diamonds,
          minmay_the_grid_octo_prize_big_c], layout_rooms
D:10:     layout_basic, regret_index_temple_of_mockery, lair_entry_dummy
D:11:     minmay_distorted_concentric_squares, layout_rooms, serial_shops, shop
D:12:     layout_irregular_city, kiku_gazebo_garden_becter
D:13:     layout_roguey, nicolae_qazlal_scattered_showers
Temple:   hellmonk_temple_forest_ring
Lair:1:   layout_cellular_growth, grunt_megastairs_2
Lair:2:   layout_regular_city, portal_ice_cave_demonic_guard,
          nicolae_lair_grazing_beasts [nicolae_sub_lair_graze_edge,
          nicolae_sub_lair_graze_edge, nicolae_sub_lair_graze_edge,
          nicolae_sub_lair_graze_edge], serial_bayou_shore_b, uniq_erica
Lair:3:   hangedman_what_comes_after_a, layout_gridlike,
          minmay_shoals_entry_hut, dummy_spider_entry
Lair:4:   layout_cave_pods, slime_entry_1, infiniplex_staircase_pool_2,
          grunt_megastairs_3, uniq_rupert
Lair:5:   evilmike_catoblepas_cave, layout_cave_shapes,
          minmay_stone_trees_large, grunt_forest_stairs_basic,
          minmay_lindwurm_lava

Skill      XL: |  1  2  3  4  5  6  7  8  9 10 11 12 13 14 15 |
---------------+----------------------------------------------+-----
Axes           | 3 5 6 7 10 12 14 15 16 17 | 17.6
Armour         | 4 5 7 8 9 10 11 | 11.1
Shields        | 4 5 6 8 9 10 | 10.5
Fighting       | 4 6 9 11 13 | 13.4
Dodging        | 4 6 7 |  7.8
Stealth        | 3 5 7 |  7.1

Action                     |  1- 3 |  4- 6 |  7- 9 | 10-12 | 13-15 || total
---------------------------+-------+-------+-------+-------+-------++-------
  Melee: War axe           |    82 |    76 |   155 |   498 |   120 ||   931
         Kick              |    13 |    16 |    43 |   181 |   243 ||   496
         Peck              |     8 |     9 |    28 |   111 |   154 ||   310
         Hand axe          |       |       |       |     5 |    21 ||    26
         Broad axe         |       |       |       |       |   508 ||   508
  Throw: Throwing net      |       |       |     3 |       |       ||     3
         Boomerang         |       |       |     1 |     8 |     9 ||    18
         Javelin           |       |       |       |    16 |    13 ||    29
         Dart              |       |       |       |    22 |     6 ||    28
  Evoke: Wand              |       |       |     7 |    20 |     4 ||    31
         Box of beasts     |       |       |       |       |     1 ||     1
    Use: Potion            |       |     1 |       |     1 |     1 ||     3
         Scroll            |       |       |       |     8 |    12 ||    20
   Stab: Distracted        |       |       |     2 |     3 |     6 ||    11
         Held in net/web   |       |       |     2 |       |       ||     2
         Paralysed         |       |       |       |    16 |     1 ||    17
         Invisible         |       |       |       |       |     2 ||     2
 Armour: Scale mail        |    47 |    36 |    41 |    11 |       ||   135
         Plate armour      |       |       |       |   139 |   194 ||   333
         Chain mail        |       |       |       |     3 |       ||     3
  Dodge: Dodged            |    36 |    54 |    54 |   180 |   336 ||   660
  Block: Buckler           |    17 |    22 |    25 |   113 |   142 ||   319
